[Event "Titled Tuesday Blitz January 17 Late 2023"]
[White "Bulgurlu, Okan"]
[Black "Odegov, Artem"]
[WhiteFideId "6352316"]
[BlackFideId "34183644"]
[WhiteElo "1908"]
[BlackElo "2261"]
[Result "0-1"]
[Round "01"]
[TimeControl "180+2"]
[Date "2023.01.17"]
[WhiteClock "0:00:55"]
[BlackClock "0:01:27"]

1. e4 c5 2. Nf3 d6 3. b3 Nf6 4. Qe2 g6 5. Bb2 Bg7 6. e5 dxe5 7. Bxe5 Nc6 8. Bb2 O-O 9. Na3 Bg4 10. h3 Nd4 11. Bxd4 Bxf3 12. Qxf3 Qxd4 13. c3 Qd7 14. Bb5 Qc7 15. O-O a6 16. Be2 b5 17. Qd3 Rad8 18. Qc2 Rd7 19. Rfd1 Rfd8 20. Rac1 Bh6 21. Ra1 Rxd2 22. Rxd2 Rxd2 23. Qc1 Rxa2 24. Qf1 Rxa1 25. Qxa1 Qa5 26. Nc2 Qxa1+ 27. Nxa1 Ne4 28. c4 Nc3 29. Bd3 b4 30. Nc2 a5 31. Kf1 Bc1 32. Ke1 a4 33. bxa4 b3 34. Ne3 Nxa4 35. Kd1 Bxe3 36. fxe3 Nb2+ 37. Kd2 Nxd3 38. Kxd3 Kg7 39. Kc3 Kf6 40. Kxb3 Ke5 41. Kc3 Ke4 42. Kd2 e5 43. Ke2 f5 44. g3 g5 45. Kd2 h5 0-1


[Site "https://www.chess.com"]

[Event "Titled Tuesday Blitz January 17 Late 2023"]
[White "Sielecki, Christof"]
[Black "Ward, Ieuan C"]
[WhiteFideId "4620437"]
[BlackFideId "406627"]
[WhiteElo "2419"]
[BlackElo "2028"]
[Result "0-1"]
[Round "01"]
[TimeControl "180+2"]
[Date "2023.01.17"]
[WhiteClock "0:00:02"]
[BlackClock "0:00:03"]

1. e4 c5 2. Nf3 d6 3. Bb5+ Bd7 4. Bxd7+ Qxd7 5. c4 g6 6. Nc3 Bg7 7. d4 cxd4 8. Nxd4 Nf6 9. f3 O-O 10. Be3 Nc6 11. O-O a6 12. Qd3 Ne5 13. Qe2 Rac8 14. b3 b5 15. Nd5 Nxd5 16. cxd5 Qb7 17. h3 Nd7 18. Rac1 Rxc1 19. Rxc1 Rc8 20. Nc6 Kf8 21. Qd2 Ne5 22. Na5 Qa8 23. f4 Nd7 24. Nc6 Nb8 25. Qc2 e6 26. Kh1 exd5 27. exd5 Nd7 28. f5 Re8 29. Bf4 Ne5 30. fxg6 hxg6 31. Rf1 Kg8 32. Bg5 Qb7 33. Bf6 Bxf6 34. Rxf6 Kg7 35. Rxd6 Qc7 36. Qc5 Nd3 37. Qd4+ Kg8 38. Qxd3 Qxd6 39. g3 Qc5 40. Kg2 Re1 41. h4 Qg1+ 42. Kh3 Qh1+ 43. Kg4 Re4+ 44. Kg5 Qg2 45. d6 f6+ 46. Kxg6 Rg4+ 47. Kh6 Qxc6 48. Qh7+ Kf8 49. Qe7+ Kg8 50. Qh7+ Kf8 0-1


[Site "https://www.chess.com"]

[Event "Titled Tuesday Blitz January 17 Late 2023"]
[White "Cepo, Toni"]
[Black "Pert, Richard G"]
[WhiteFideId "4675916"]
[BlackFideId "404748"]
[WhiteElo "2145"]
[BlackElo "2412"]
[Result "0-1"]
[Round "01"]
[TimeControl "180+2"]
[Date "2023.01.17"]
[WhiteClock "0:00:33"]
[BlackClock "0:00:15"]

1. e4 c5 2. Nf3 d6 3. d4 cxd4 4. Nxd4 Nf6 5. Nc3 g6 6. Be3 Bg7 7. f3 Nc6 8. Qd2 O-O 9. O-O-O d5 10. Qe1 e5 11. Nxc6 bxc6 12. exd5 Nxd5 13. Bc4 Be6 14. Ne4 Qc7 15. Bc5 Rfd8 16. h4 h6 17. h5 f5 18. Nc3 g5 19. Ba3 Kh8 20. Bxd5 cxd5 21. Kb1 d4 22. Na4 Rd5 23. c4 Qxc4 24. b3 Qb5 25. Rc1 e4 26. fxe4 fxe4 27. Rf1 e3 28. Rc5 Qd3+ 29. Ka1 Qe4 30. Bb2 Rad8 31. Rc7 Be5 32. Rxa7 d3 33. Nc3 Qd4 34. Re7 d2 35. Qb1 Qd3 36. Nxd5 Qxb1+ 37. Kxb1 Bxb2 38. Kxb2 e2 39. Rf6 d1=Q 40. Rxh6+ Kg8 41. Nf6+ Kf8 42. Rc7 Qd4+ 43. Ka3 Ra8+ 0-1


[Site "https://www.chess.com"]

[Event "Titled Tuesday Blitz January 17 Late 2023"]
[White "Karttunen, Mika"]
[Black "Stanisz, Patryk"]
[WhiteFideId "502081"]
[BlackFideId "1123106"]
[WhiteElo "2490"]
[BlackElo "2161"]
[Result "1-0"]
[Round "01"]
[TimeControl "180+2"]
[Date "2023.01.17"]
[WhiteClock "0:00:14"]
[BlackClock "0:00:16"]

1. e4 c5 2. Nf3 Nc6 3. d4 cxd4 4. Nxd4 Nf6 5. Nc3 e5 6. Ndb5 d6 7. Bg5 a6 8. Na3 b5 9. Nd5 Be7 10. Bxf6 Bxf6 11. c4 b4 12. Nc2 a5 13. b3 O-O 14. Bd3 Be6 15. O-O Bg5 16. a3 bxa3 17. Nxa3 Nb4 18. Nb5 Bxd5 19. exd5 f5 20. Be2 e4 21. Nd4 Bf6 22. Ne6 Qe7 23. Ra4 Rf7 24. f3 Kh8 25. Kh1 e3 26. Qe1 f4 27. Qxb4 g5 28. Rxa5 Rg8 29. Qa4 g4 30. fxg4 f3 31. Bxf3 Be5 32. Ra8 h5 33. Rxg8+ Kxg8 34. Qa8+ Kh7 35. Be4+ Kh6 36. Rxf7 Qxf7 37. g5# 1-0


[Site "https://www.chess.com"]

[Event "Titled Tuesday Blitz January 17 Late 2023"]
[White "Lopez Perdomo, Juan David"]
[Black "Megalios, Konstantinos"]
[WhiteFideId "4405137"]
[BlackFideId "4238044"]
[WhiteElo "2029"]
[BlackElo "2372"]
[Result "0-1"]
[Round "01"]
[TimeControl "180+2"]
[Date "2023.01.17"]
[WhiteClock "0:00:42"]
[BlackClock "0:00:42"]

1. e4 c5 2. d4 cxd4 3. c3 dxc3 4. Nxc3 Nc6 5. Nf3 e6 6. Bc4 Bb4 7. O-O Nge7 8. Bg5 Bxc3 9. bxc3 d5 10. exd5 exd5 11. Bb3 f6 12. Re1 fxg5 13. Nxg5 O-O 14. Bc2 Bf5 15. Bb3 Qd7 16. Qh5 h6 17. Nf3 Bg4 18. Qh4 Bxf3 19. gxf3 Rf6 20. Re3 Rg6+ 21. Kh1 Nf5 22. Qh3 Ng3+ 23. Qxg3 Rxg3 24. hxg3 Re8 25. Rae1 Rxe3 26. Rxe3 Kf8 27. Kg2 d4 28. cxd4 Nxd4 29. Rd3 Qd6 30. Re3 Nxb3 31. Rxb3 b6 32. Rb2 Qa3 33. Re2 b5 34. g4 b4 35. Kg3 a5 36. Rd2 a4 37. Kf4 b3 38. axb3 axb3 39. Rd3 Qb4+ 40. Rd4 Qxd4+ 0-1


[Site "https://www.chess.com"]

[Event "Titled Tuesday Blitz January 17 Late 2023"]
[White "Cori T., Deysi"]
[Black "Andreassen, Lars"]
[WhiteFideId "3801934"]
[BlackFideId "1504878"]
[WhiteElo "2362"]
[BlackElo "2168"]
[Result "1-0"]
[Round "01"]
[TimeControl "180+2"]
[Date "2023.01.17"]
[WhiteClock "0:00:34"]
[BlackClock "0:00:01"]

1. Nf3 d5 2. d4 e6 3. c4 c5 4. cxd5 cxd4 5. dxe6 Bxe6 6. g3 Nc6 7. Bg2 Nf6 8. O-O Bc5 9. Na3 O-O 10. Nc2 Qd7 11. Bg5 Ne4 12. Bf4 f5 13. Nfe1 Rad8 14. Nd3 Bb6 15. h4 Rfe8 16. Kh2 h6 17. f3 Nf6 18. Qd2 Nd5 19. a3 Nxf4 20. Nxf4 Bf7 21. Bh3 g5 22. hxg5 hxg5 23. Nd3 Re3 24. Rf2 g4 25. fxg4 fxg4 26. Bg2 Bd5 27. Raf1 Qh7+ 28. Kg1 Rxg3 29. Qg5+ Qg7 30. Qh4 Rxg2+ 31. Rxg2 Bxg2 32. Rf5 Be4 33. Rg5 Bg6 34. Qxg4 Rd6 35. Nce1 Bd8 36. Qc8 Qf6 37. Nf3 Kh8 38. Qh3+ Kg7 39. Qg3 Bc7 40. Nf4 Ne7 41. Nh5+ Kf7 42. Nxf6 d3 43. Ne5+ Kxf6 44. Qf4+ 1-0


[Site "https://www.chess.com"]

[Event "Titled Tuesday Blitz January 17 Late 2023"]
[White "Rose, Felix"]
[Black "Hirneise, Jens"]
[WhiteFideId "5105722"]
[BlackFideId "24614734"]
[WhiteElo "2091"]
[BlackElo "2277"]
[Result "0-1"]
[Round "01"]
[TimeControl "180+2"]
[Date "2023.01.17"]
[WhiteClock "0:00:01"]
[BlackClock "0:00:22"]

1. e4 c6 2. d4 d5 3. e5 Bf5 4. h4 h5 5. Bd3 Bxd3 6. Qxd3 e6 7. Bg5 Qa5+ 8. Nd2 Qa6 9. c4 Nd7 10. Ngf3 Ne7 11. O-O Nf5 12. Qc2 Be7 13. cxd5 cxd5 14. Bxe7 Nxe7 15. Rfc1 O-O 16. Ng5 Nf5 17. Ndf3 Nb6 18. b3 Rac8 19. Qd2 Qa3 20. g3 a5 21. Kg2 a4 22. bxa4 Qxa4 23. Qb2 Nc4 24. Qxb7 Rb8 25. Qc7 Rb2 26. Rab1 Qxa2 27. Ra1 Rxf2+ 28. Kh3 Qe2 29. Ra8 Rxa8 30. Qxf7+ Kh8 31. Qxh5+ Nh6 32. Qg6 Kg8 33. Qxe6+ Kh8 34. Qg6 Kg8 35. Ne6 Nf5 36. Qxf5 Qxf3 0-1


[Site "https://www.chess.com"]

[Event "Titled Tuesday Blitz January 17 Late 2023"]
[White "Martynov, Pavel"]
[Black "Thiel, Thomas"]
[WhiteFideId "4101260"]
[BlackFideId "4615964"]
[WhiteElo "2414"]
[BlackElo "2234"]
[Result "1-0"]
[Round "01"]
[TimeControl "180+2"]
[Date "2023.01.17"]
[WhiteClock "0:00:16"]
[BlackClock "0:00:48"]

1. e4 d5 2. exd5 Nf6 3. Bb5+ Nbd7 4. c4 a6 5. Ba4 b5 6. cxb5 Nxd5 7. Nc3 N5b6 8. Nge2 Nxa4 9. Qxa4 Bb7 10. O-O e6 11. d4 Nb6 12. Qb3 Bd6 13. Be3 O-O 14. h3 Nd5 15. a4 axb5 16. Nxb5 Rb8 17. Nxd6 cxd6 18. Qd3 Qb6 19. a5 Qa7 20. a6 Bc8 21. Nc3 Nxe3 22. fxe3 Rxb2 23. Rf2 Rxf2 24. Kxf2 Bd7 25. Ne4 d5 26. Nc5 Bc6 27. Rb1 e5 28. Qb3 exd4 29. exd4 h6 30. Qb6 Ra8 31. Qxc6 1-0


[Site "https://www.chess.com"]

[Event "Titled Tuesday Blitz January 17 Late 2023"]
[White "Almedina Ortiz, Edgardo J."]
[Black "Taboas Rodriguez, Daniel"]
[WhiteFideId "3100197"]
[BlackFideId "2208466"]
[WhiteElo "2156"]
[BlackElo "2371"]
[Result "0-1"]
[Round "01"]
[TimeControl "180+2"]
[Date "2023.01.17"]
[WhiteClock "0:00:01"]
[BlackClock "0:00:55"]

1. Nf3 Nf6 2. c4 g6 3. Nc3 Bg7 4. e4 d6 5. d4 O-O 6. Be2 e5 7. O-O Nc6 8. d5 Ne7 9. Ne1 Ne8 10. Be3 f5 11. f3 f4 12. Bf2 g5 13. c5 Rf6 14. a4 Rg6 15. a5 h5 16. cxd6 cxd6 17. Nb5 g4 18. Bxa7 g3 19. h3 Bxh3 20. gxh3 g2 21. Rf2 Qd7 22. Rxg2 Qxh3 23. Bf1 Rxg2+ 24. Bxg2 Qd7 25. Bf1 Bf6 26. Bf2 Kh7 27. b4 Ng6 28. Rc1 Bh4 29. Qd2 Kh6 30. Bxh4 Nxh4 31. Qh2 Qe7 32. Bh3 Qg5+ 33. Kf2 Nf6 34. Ng2 Nxe4+ 35. fxe4 f3 36. Nxh4 Qd2+ 37. Kg1 Rg8+ 38. Bg2 Qxc1+ 39. Kf2 fxg2 0-1


[Site "https://www.chess.com"]

[Event "Titled Tuesday Blitz January 17 Late 2023"]
[White "Petukhov, Dmitry"]
[Black "Ardila, Oscar Humberto"]
[WhiteFideId "4142748"]
[BlackFideId "4404742"]
[WhiteElo "2350"]
[BlackElo "1982"]
[Result "0-1"]
[Round "01"]
[TimeControl "180+2"]
[Date "2023.01.17"]
[WhiteClock "0:02:15"]
[BlackClock "0:01:56"]

1. e4 e5 2. Nf3 Nf6 3. Nxe5 d6 4. Nf3 Nxe4 5. Nc3 Nxc3 6. dxc3 Be7 7. Be3 O-O 8. Qd2 Nd7 9. O-O-O Nf6 10. Kb1 c6 11. h4 Qa5 12. h5 Be6 13. b3 Ne4 14. Qe1 Nxc3+ 15. Kb2 Bf6 16. Bd4 Nxd1+ 17. Qxd1 Bxd4+ 18. Nxd4 Qe5 19. Kb1 c5 20. Nf3 Qf6 21. Qxd6 c4 22. h6 Rfd8 23. Qb4 Rd1# 0-1


[Site "https://www.chess.com"]

[Event "Titled Tuesday Blitz January 17 Late 2023"]
[White "Panda, Vedic"]
[Black "Tomb, Maroun"]
[WhiteFideId "30903416"]
[BlackFideId "5300398"]
[WhiteElo "2024"]
[BlackElo "2090"]
[Result "1-0"]
[Round "01"]
[TimeControl "180+2"]
[Date "2023.01.17"]
[WhiteClock "0:00:08"]
[BlackClock "0:00:23"]

1. e4 d6 2. d4 Nf6 3. Nc3 e5 4. Nf3 Nbd7 5. Bc4 Be7 6. O-O c6 7. a4 Qc7 8. a5 h6 9. Re1 Nf8 10. Bb3 Ng6 11. d5 O-O 12. Nd2 Bd7 13. a6 b6 14. dxc6 Bxc6 15. Nc4 Rad8 16. Ne3 Nf4 17. g3 Ne6 18. Ned5 Bxd5 19. Nxd5 Nxd5 20. Bxd5 Rc8 21. c3 Qd8 22. Qg4 Bg5 23. f4 exf4 24. gxf4 Bh4 25. Rf1 Qe7 26. f5 Nc5 27. Bxh6 Bf6 28. Bxg7 Kh7 29. Kh1 Bxg7 30. f6 Bxf6 31. Qh5+ Kg8 32. Rg1+ Bg7 33. Rxg7+ Kxg7 34. Rg1+ Kf6 35. Qf5# 1-0


[Site "https://www.chess.com"]

[Event "Titled Tuesday Blitz January 17 Late 2023"]
[White "Prado Lobo, Jonas"]
[Black "Chlpik, Martin"]
[WhiteFideId "32050666"]
[BlackFideId "14923351"]
[WhiteElo "2313"]
[BlackElo "2287"]
[Result "1-0"]
[Round "01"]
[TimeControl "180+2"]
[Date "2023.01.17"]
[WhiteClock "0:01:26"]
[BlackClock "0:00:01"]

1. Nf3 c5 2. c4 g6 3. g3 Bg7 4. Bg2 Nc6 5. O-O e5 6. d3 Nge7 7. Nc3 a6 8. Rb1 Rb8 9. a3 b5 10. cxb5 axb5 11. b4 cxb4 12. axb4 d5 13. Re1 O-O 14. e4 d4 15. Nd5 Nxd5 16. exd5 Qxd5 17. Nxe5 Qxg2+ 18. Kxg2 Nxe5 19. Bf4 Bb7+ 20. Kf1 Nf3 21. Bxb8 Rxb8 22. Re7 Nxh2+ 23. Ke1 Nf3+ 24. Ke2 Bd5 25. Qc1 Bf6 26. Qf4 Ra8 27. Qxf6 Ra2+ 28. Kd1 Rd2+ 29. Kc1 1-0


[Site "https://www.chess.com"]

[Event "Titled Tuesday Blitz January 17 Late 2023"]
[White "Mendez Machado, Andre"]
[Black "Defend, Balint"]
[WhiteFideId "6603793"]
[BlackFideId "17004853"]
[WhiteElo "1974"]
[BlackElo "1673"]
[Result "0-1"]
[Round "01"]
[TimeControl "180+2"]
[Date "2023.01.17"]
[WhiteClock "0:00:02"]
[BlackClock "0:00:08"]

1. e4 c5 2. Nc3 d6 3. d4 cxd4 4. Qxd4 a6 5. Qd2 g6 6. b3 Bg7 7. Bb2 Nc6 8. O-O-O b5 9. f3 Bb7 10. h4 Rc8 11. Kb1 Nf6 12. Nd5 Ne5 13. h5 Nxh5 14. Rxh5 gxh5 15. f4 Bh6 16. Qd4 Bxd5 17. exd5 Bg7 18. fxe5 Bxe5 19. Qh4 Bxb2 20. Kxb2 Qc7 21. Bd3 Qc3+ 22. Kb1 O-O 23. Qxh5 f5 24. Nf3 Qf6 25. Ng5 Qg6 26. Qh4 Rf6 27. Rh1 h6 28. Ne6 Qg4 29. Qf2 Kf7 30. Rh3 Rg8 31. Rf3 Qxg2 32. Nd8+ Ke8 33. Qxg2 Rxg2 34. Nc6 f4 35. Be4 Re2 36. Bd3 Re3 37. Rf1 f3 38. Nd4 f2 39. Kb2 Re1 40. Kc3 h5 41. Kd2 Rxf1 42. Bxf1 h4 43. Ke2 Rf4 44. Nf3 Kf7 45. Kxf2 e5 46. dxe6+ Kxe6 47. Ke3 Rf6 48. Bh3+ Kd5 49. Nd2 Rf8 50. c4+ bxc4 51. Nxc4 Kc5 52. Nd2 d5 53. a3 d4+ 54. Kd3 Re8 55. Bd7 Re3+ 56. Kc2 h3 57. b4+ Kd6 0-1


[Site "https://www.chess.com"]

[Event "Titled Tuesday Blitz January 17 Late 2023"]
[White "Rangel, Daniel"]
[Black "Batista, Renato Luiz"]
[WhiteFideId "2124475"]
[BlackFideId "2106540"]
[WhiteElo "2207"]
[BlackElo "2174"]
[Result "1-0"]
[Round "01"]
[TimeControl "180+2"]
[Date "2023.01.17"]
[WhiteClock "0:01:09"]
[BlackClock "0:00:46"]

1. c4 c5 2. g3 Nf6 3. Bg2 g6 4. Nc3 Bg7 5. e3 d6 6. Nge2 O-O 7. O-O Nc6 8. b3 Bd7 9. Bb2 Rb8 10. d3 a6 11. Qd2 b5 12. Nd5 e6 13. Nxf6+ Bxf6 14. Bxf6 Qxf6 15. Rac1 Rfd8 16. cxb5 axb5 17. d4 cxd4 18. Bxc6 Bxc6 19. Rxc6 dxe3 20. fxe3 Qe5 21. Qd4 Ra8 22. Nc3 b4 23. Na4 Qg5 24. Rc7 Rf8 25. Qf4 Qxf4 26. gxf4 Rfd8 27. Rfc1 Kg7 28. Rb7 Kf6 29. Rcc7 Rf8 30. Rxb4 Kf5 31. Kf2 d5 32. Rbb7 f6 33. Rxh7 Rac8 34. Rhc7 Rce8 35. Nc3 Rh8 36. Ne2 Rxh2+ 37. Kf3 g5 38. Ng3+ Kg6 39. Rg7+ 1-0


[Site "https://www.chess.com"]

[Event "Titled Tuesday Blitz January 17 Late 2023"]
[White "Fajdetic, Hrvoje"]
[Black "Golubev, Mikhail"]
[WhiteFideId "14501945"]
[BlackFideId "14100983"]
[WhiteElo "2151"]
[BlackElo "2461"]
[Result "1-0"]
[Round "01"]
[TimeControl "180+2"]
[Date "2023.01.17"]
[WhiteClock "0:00:12"]
[BlackClock "0:00:02"]

1. d4 Nf6 2. Bf4 d6 3. Nc3 Nbd7 4. Nf3 c5 5. d5 b5 6. Nxb5 Rb8 7. Nc3 Rxb2 8. e4 g6 9. Bc4 Bg7 10. Bd2 Rb4 11. Qe2 O-O 12. a3 Rb8 13. e5 Ng4 14. e6 Nde5 15. Nxe5 Nxe5 16. O-O Nxc4 17. Qxc4 fxe6 18. dxe6 Bb7 19. Rab1 Qc8 20. Rfe1 Qc6 21. Qg4 Bd4 22. Ne4 Rf5 23. c3 Bg7 24. f3 Rbf8 25. Ng5 Qd5 26. Rbd1 Ba6 27. Ne4 Qb3 28. Ng3 R5f6 29. Bg5 1-0


[Site "https://www.chess.com"]

[Event "Titled Tuesday Blitz January 17 Late 2023"]
[White "Wang, Alexander J"]
[Black "Al-Tarboush, Ward"]
[WhiteFideId "30955270"]
[BlackFideId "7601450"]
[WhiteElo "1815"]
[BlackElo "2256"]
[Result "1-0"]
[Round "01"]
[TimeControl "180+2"]
[Date "2023.01.17"]
[WhiteClock "0:00:43"]
[BlackClock "0:00:44"]

1. e4 c5 2. Nf3 Nc6 3. d4 cxd4 4. Nxd4 Nf6 5. Nc3 e5 6. Ndb5 d6 7. Bg5 a6 8. Na3 b5 9. Bxf6 gxf6 10. Nd5 f5 11. c3 fxe4 12. Nc2 Bg7 13. Nce3 O-O 14. a4 Be6 15. axb5 axb5 16. Rxa8 Qxa8 17. Bxb5 Kh8 18. O-O f5 19. Nc7 Qb7 20. Nxe6 Qxb5 21. Nxf8 Bxf8 22. Nxf5 d5 23. Qh5 Qb7 24. Qe8 Kg8 25. Qe6+ Kh8 26. h4 d4 27. cxd4 exd4 28. Qxe4 Qb6 29. Qe8 Qc5 30. Qe6 d3 31. Qe4 Nb4 32. Qd4+ Qxd4 33. Nxd4 Bg7 34. Nf3 Bxb2 35. Rd1 Bc3 36. Ne1 Bxe1 37. Rxe1 Kg7 38. Rb1 Nd5 39. Rb3 Nf4 40. g3 d2 41. Rb7+ Kf6 42. Rd7 Ne2+ 43. Kh2 Ke5 44. Rxd2 Nd4 45. Kg2 Ke4 46. f3+ Ke3 47. Rxd4 Kxd4 48. g4 Ke3 49. Kg3 Kd4 50. Kf4 Kd5 51. Kg5 1-0


[Site "https://www.chess.com"]

[Event "Titled Tuesday Blitz January 17 Late 2023"]
[White "Baules Rodriguez, Jorge Luis"]
[Black "Sabar, Ethmane Daouda"]
[WhiteFideId "6600247"]
[BlackFideId "19600097"]
[WhiteElo "2304"]
[BlackElo "2040"]
[Result "1-0"]
[Round "01"]
[TimeControl "180+2"]
[Date "2023.01.17"]
[WhiteClock "0:00:25"]
[BlackClock "0:00:02"]

1. e4 e5 2. Nf3 Nc6 3. Bb5 f5 4. Nc3 fxe4 5. Nxe4 d5 6. Nxe5 dxe4 7. Nxc6 Qg5 8. Qe2 Nf6 9. f4 Qxf4 10. d4 Qh4+ 11. g3 Qh3 12. Ne5+ c6 13. Bc4 Bd6 14. Bf4 Bxe5 15. dxe5 Bg4 16. Qf1 Qxf1+ 17. Rxf1 Nd5 18. Bd2 O-O-O 19. Be2 Bh3 20. Rf7 e3 21. Bc1 Rhe8 22. a3 Rxe5 23. Rxg7 Rf8 24. Rxh7 Be6 25. c4 1-0


[Site "https://www.chess.com"]

[Event "Titled Tuesday Blitz January 17 Late 2023"]
[White "Weissbarth, Adam"]
[Black "Bilan, Danila"]
[WhiteFideId "2018187"]
[BlackFideId "24161918"]
[WhiteElo "2144"]
[BlackElo "2303"]
[Result "0-1"]
[Round "01"]
[TimeControl "180+2"]
[Date "2023.01.17"]
[WhiteClock "0:00:12"]
[BlackClock "0:00:10"]

1. e4 c6 2. d4 d5 3. exd5 cxd5 4. Nf3 Nf6 5. Ne5 Nc6 6. Bb5 Bd7 7. Nxd7 Qxd7 8. c3 e6 9. O-O Bd6 10. Re1 O-O 11. Nd2 Qe7 12. Bd3 Qc7 13. Nf3 Bf4 14. g3 Bxc1 15. Rxc1 Rab8 16. Ne5 b5 17. a3 Na5 18. h4 Nc4 19. Rc2 a5 20. h5 Rfc8 21. Qf3 h6 22. Rce2 b4 23. axb4 axb4 24. g4 bxc3 25. bxc3 Nd6 26. g5 hxg5 27. h6 Nfe4 28. hxg7 f5 29. Qh3 Qxg7 30. Qh5 Nf6 31. Qh2 Rxc3 32. f3 Rbc8 33. Bb1 f4 34. Ng4 Nxg4 35. fxg4 Qxd4+ 36. Kh1 Ne4 37. Rxe4 dxe4 38. Bxe4 Qh8 39. Qxh8+ Kxh8 40. Bg6 Rc1 41. Rxc1 Rxc1+ 42. Kg2 Kg7 43. Kf3 Rc3+ 0-1


[Site "https://www.chess.com"]

[Event "Titled Tuesday Blitz January 17 Late 2023"]
[White "Berezin, Viktor"]
[Black "Ferreira, Thales Bond Dias"]
[WhiteFideId "14107872"]
[BlackFideId "22777830"]
[WhiteElo "2307"]
[BlackElo "2085"]
[Result "1-0"]
[Round "01"]
[TimeControl "180+2"]
[Date "2023.01.17"]
[WhiteClock "0:01:58"]
[BlackClock "0:01:58"]

1. d4 d5 2. c4 e6 3. Nf3 Nf6 4. g3 Be7 5. Bg2 O-O 6. O-O c6 7. Nc3 Nbd7 8. b3 b6 9. Bb2 Bb7 10. Rc1 Rc8 11. Re1 Re8 12. e4 dxe4 13. Nxe4 Nxe4 14. Rxe4 Nf6 15. Re1 c5 16. dxc5 Bxc5 17. Qc2 Be7 18. Rcd1 Qc7 19. Be5 Qc5 20. Bd4 Qc7 21. Qb2 Red8 22. h3 Ne8 23. Kh2 Bf6 24. Bxf6 Nxf6 25. Qe5 Qxe5 26. Nxe5 Bxg2 27. Kxg2 Kf8 28. f4 Rxd1 29. Rxd1 Ke8 30. Kf3 Rd8 31. Rxd8+ Kxd8 32. Nxf7+ Ke7 33. Ne5 Nd7 34. Nc6+ 1-0


[Site "https://www.chess.com"]

[Event "Titled Tuesday Blitz January 17 Late 2023"]
[White "Harish, Neeraj"]
[Black "Souleidis, Georgios"]
[WhiteFideId "30958130"]
[BlackFideId "4206827"]
[WhiteElo "2232"]
[BlackElo "2419"]
[Result "1-0"]
[Round "01"]
[TimeControl "180+2"]
[Date "2023.01.17"]
[WhiteClock "0:00:36"]
[BlackClock "0:01:17"]

1. e4 c5 2. Nf3 e6 3. d4 cxd4 4. Nxd4 Nf6 5. Nc3 Nc6 6. Ndb5 Bc5 7. Bf4 O-O 8. Bc7 Qe7 9. Bd6 Bxd6 10. Qxd6 Qd8 11. O-O-O a6 12. Nd4 Ne7 13. Qg3 b5 14. e5 Nfd5 15. Ne4 f6 16. exf6 Nxf6 17. Nxe6 dxe6 18. Nxf6+ Kf7 19. Rxd8 Rxd8 20. Nxh7 Nf5 21. Ng5+ Kg6 22. Qg4 Nh6 23. Qe4+ 1-0


[Site "https://www.chess.com"]

[Event "Titled Tuesday Blitz January 17 Late 2023"]
[White "ArchibaldCerveza29"]
[Black "Papp, Petra"]
[BlackFideId "739049"]
[WhiteElo "2547"]
[BlackElo "2343"]
[Result "1-0"]
[Round "01"]
[TimeControl "180+2"]
[Date "2023.01.17"]
[WhiteClock "0:00:58"]
[BlackClock "0:00:25"]

1. d4 Nf6 2. c4 g6 3. Nc3 d5 4. Nf3 Bg7 5. Qb3 dxc4 6. Qxc4 a6 7. e4 b5 8. Qb3 O-O 9. e5 Ng4 10. Bg5 Bb7 11. Rd1 Nh6 12. Be2 Nf5 13. O-O Kh8 14. Rfe1 f6 15. Bc1 fxe5 16. dxe5 Qe8 17. a4 c6 18. e6 Qc8 19. Ng5 Nd6 20. Rxd6 exd6 21. e7 Rf5 22. Nf7+ Rxf7 23. Qxf7 Nd7 24. Bg4 b4 25. e8=Q+ Qxe8 26. Rxe8+ Rxe8 27. Qxe8+ 1-0


[Site "https://www.chess.com"]

[Event "Titled Tuesday Blitz January 17 Late 2023"]
[White "Michalski, Olaf"]
[Black "Przybylski, Wojciech"]
[WhiteFideId "1106740"]
[BlackFideId "1117599"]
[WhiteElo "2273"]
[BlackElo "2321"]
[Result "0-1"]
[Round "01"]
[TimeControl "180+2"]
[Date "2023.01.17"]
[WhiteClock "0:00:04"]
[BlackClock "0:00:09"]

1. d4 Nf6 2. Nf3 e6 3. c4 b6 4. a3 Bb7 5. Nc3 Be7 6. d5 O-O 7. e4 d6 8. b4 c6 9. Be2 cxd5 10. cxd5 exd5 11. exd5 a5 12. Rb1 axb4 13. axb4 Nbd7 14. O-O Ne5 15. Bb2 Rc8 16. Qd4 Rxc3 17. Bxc3 Nxd5 18. Bb2 Bf6 19. Qd2 Qa8 20. Nxe5 dxe5 21. Bf3 Nf4 22. Bxb7 Qxb7 23. f3 Rd8 24. Qf2 Nd3 25. Qe3 h6 26. Rfd1 Bg5 27. Qe4 Qd7 28. Bxe5 Qb5 29. f4 Bh4 30. Rb3 Bf2+ 31. Kh1 Qa4 32. Qxd3 Rxd3 33. Rbxd3 f6 34. Rd8+ Kh7 35. Bc7 Be3 0-1


[Site "https://www.chess.com"]

[Event "Titled Tuesday Blitz January 17 Late 2023"]
[White "Taichman, Ori"]
[Black "Curtis, John"]
[WhiteFideId "2804069"]
[BlackFideId "3200256"]
[WhiteElo "2299"]
[BlackElo "2292"]
[Result "1-0"]
[Round "01"]
[TimeControl "180+2"]
[Date "2023.01.17"]
[WhiteClock "0:00:19"]
[BlackClock "0:00:34"]

1. e4 c5 2. Nf3 d6 3. d4 cxd4 4. Nxd4 Nf6 5. Nc3 a6 6. Bg5 e5 7. Nf5 Be6 8. Bxf6 Qxf6 9. Nxd6+ Bxd6 10. Qxd6 Nc6 11. O-O-O Qxf2 12. Nd5 Bxd5 13. exd5 Qf4+ 14. Kb1 Ne7 15. g3 Qf6 16. Qxf6 gxf6 17. d6 Ng8 18. Bh3 Kd8 19. Rhf1 h5 20. c4 b6 21. Rf3 Nh6 22. Rb3 Ng4 23. Rxb6 Nf2 24. c5 Nxd1 25. c6 Ke8 26. c7 Kf8 27. Rb8+ Kg7 28. Rxh8 Kxh8 29. d7 Nf2 30. c8=Q+ Rxc8 31. dxc8=Q+ Kg7 32. Qd7 e4 33. Be6 Kg6 34. Qxf7+ Kg5 35. h4+ Kh6 36. Qxf6+ Kh7 37. Bf5+ Kg8 38. Bg6 1-0


[Site "https://www.chess.com"]

[Event "Titled Tuesday Blitz January 17 Late 2023"]
[White "Torres Dominguez, David"]
[Black "Bayo Milagro, Alvaro"]
[WhiteFideId "2220857"]
[BlackFideId "22275240"]
[WhiteElo "1994"]
[BlackElo "2287"]
[Result "0-1"]
[Round "01"]
[TimeControl "180+2"]
[Date "2023.01.17"]
[WhiteClock "0:00:03"]
[BlackClock "0:01:33"]

1. e4 c6 2. Nf3 d5 3. d3 g6 4. Be2 Bg7 5. O-O Nd7 6. Re1 e5 7. d4 dxe4 8. Nxe5 Nxe5 9. dxe5 Qxd1 10. Bxd1 Bf5 11. g4 Be6 12. Rxe4 O-O-O 13. Nc3 Ne7 14. Bg5 Rd7 15. Be2 Nd5 16. Na4 b6 17. Rd1 h6 18. Bc1 Rhd8 19. Re1 g5 20. a3 Kc7 21. c4 Ne7 22. Nc3 Ng6 23. Bf1 Rd4 24. Rxd4 Rxd4 25. Re4 Rxe4 26. Nxe4 Nxe5 27. f4 gxf4 28. Bxf4 Bxg4 29. Nf2 Bf5 30. Nd3 f6 31. Nxe5 fxe5 32. Be3 Kd6 33. b4 c5 34. bxc5+ bxc5 35. Kf2 h5 36. Be2 h4 37. Bg5 h3 38. Kg3 e4 39. Bf4+ Be5 40. Bf1 Ke6 41. Bxe5 Kxe5 42. Bxh3 Bxh3 43. Kxh3 Kd4 44. Kg2 Kd3 45. Kf1 Kd2 0-1


[Site "https://www.chess.com"]